 Dungeon Crawl Stone Soup version 0.30.0-13-g156ef70053 (webtiles) character file.

Game seed: 5845401734441190366

96 unlimited1921 the Magician (level 4, -1/31 HPs)
             Began as a Djinni Fire Elementalist on May 18, 2023.
             Slain by an adder (4 damage)
             ... on level 3 of the Dungeon.
             The game lasted 00:07:14 (3861 turns).

unlimited1921 the Magician (DjFE)                   Turns: 3861, Time: 00:07:15

Health: -1/31      AC:  2    Str:  7    XL:     4   Next: 98%
Gold:   76         EV: 11    Int: 19    God:
                   SH:  3    Dex: 13

rFire   + + .        c - +0 spear
rCold   x . .        p - +0 buckler
rNeg    . . .        a - +0 robe
rPois   ∞            (no helmet)
rElec   .            (no cloak)
rCorr   .            (no gloves)
SInv    .            (boots unavailable)
Will    .....        (no amulet)
Stlth   ++           (no ring)
HPRegen 0.25/turn    (no ring)
MPRegen 0.00/turn

%: infuse magic (-2 HP)
@: flying
A: sickness immunity, fire resistance 2, cold vulnerability 1, float, innate
caster, HP casting, extra vitality 1
a: no special abilities


You were on level 3 of the Dungeon.
You visited 1 branch of the dungeon, and saw 3 of its levels.

You collected 76 gold pieces.

Inventory:

Hand Weapons
 c - a +0 spear (weapon)
 o - a +1 short sword of venom
Armour
 a - a +0 robe (worn)
 e - a +0 leather armour
 p - a +0 buckler (worn)
Scrolls
 d - 3 scrolls of identify {unknown}
 h - 2 scrolls of noise {unknown}
 k - a scroll of immolation {unknown}
 m - a scroll of poison {unknown}
Potions
 b - 3 potions of cancellation {unknown}
 f - 5 potions of curing {unknown}
 g - a potion of resistance {unknown}
 i - a potion of flight {unknown}
 j - 2 potions of lignification {unknown}
 l - a potion of degeneration {unknown}
 n - a potion of brilliance {unknown}
 q - a potion of attraction {unknown}


   Skills:
 + Level 0.6 Fighting
 + Level 2.5 Dodging
 + Level 2.1 Stealth
 + Level 3.7 Spellcasting


You knew the following spells:

 Your Spells              Type           Power      Damage    Failure   Level
a - Foxfire               Conj/Fire      68%        2x1d7     5%          1
b - Scorch                Fire           34%        2d6       8%          2
c - Volatile Blastmotes   Fire/Tloc      34%        2d12      16%         3
d - Inner Flame           Hex/Fire       17%        N/A       16%         3
e - Flame Wave            Conj/Fire      17%        2d7       45%         4
f - Beastly Appendage     Tmut           34%        N/A       5%          1
Your spell library was empty.

Dungeon Overview and Level Annotations

Branches:
Dungeon (3/15)

Altars:

Annotations:
D:3 1 runed translucent door, minhee2137's ghost, amateur DrCj


Innate Abilities, Weirdness & Mutations

You are immune to sickness and miasma.
You are immune to poison.
Your flesh is very heat resistant. (rF++)
You are vulnerable to cold. (rC-)
You float through the air rather than walking.
You learn spells naturally, not from books.
Your magical power is your life essence.
You have superior vitality. (+4 MHP)


Message History

Casting: Inner Flame (quite dangerous; 16% risk of failure)
Confirm with . or Enter, or press ? or * to list all spells.
The spell is quite dangerous to miscast (16% risk of failure)!
Continue anyway?
Aiming: Inner Flame (quite dangerous; 16% risk of failure)
Press: ? - help, Dir - move target, f - minhee2137's ghost
Aim: minhee2137's ghost, wielding a weapon of freezing (chance to affect: 67%) Minhee2137's ghost is filled with an inner flame.
The adder bites you.
Casting: Inner Flame (quite dangerous; 16% risk of failure)
Confirm with . or Enter, or press ? or * to list all spells.
The spell is quite dangerous to miscast (16% risk of failure)!
Continue anyway?
Aiming: Inner Flame (quite dangerous; 16% risk of failure)
Press: ? - help, Dir - move target, f - river rat, p - minhee2137's ghost
Aim: a river rat (chance to affect: 78%)
The river rat barely resists.
The adder bites you but does no damage.
Casting: Inner Flame (quite dangerous; 16% risk of failure)
Confirm with . or Enter, or press ? or * to list all spells.
The spell is quite dangerous to miscast (16% risk of failure)!
Continue anyway?
Aiming: Inner Flame (quite dangerous; 16% risk of failure)
Press: ? - help, Dir - move target, f/p - river rat
Aim: a river rat (chance to affect: 78%)
The river rat is filled with an inner flame.
The adder bites you. You block the adder's attack.
Casting: Inner Flame (quite dangerous; 16% risk of failure)
Confirm with . or Enter, or press ? or * to list all spells.
The spell is quite dangerous to miscast (16% risk of failure)!
Continue anyway?
Aiming: Inner Flame (quite dangerous; 16% risk of failure)
Press: ? - help, Dir - move target, f - adder, p - river rat
Aim: an adder (chance to affect: 78%)
The adder is filled with an inner flame.
* * * LOW HITPOINT WARNING * * *
The adder bites you.
* * * LOW HITPOINT WARNING * * *
Found a runed translucent door.
Casting: Inner Flame (quite dangerous; 16% risk of failure)
Confirm with . or Enter, or press ? or * to list all spells.
You conjure some foxfire!
* * * LOW HITPOINT WARNING * * *
The adder bites you.
You die...

######..###...... #.......#
#..........# .# #)......#
######.#######..# .# #..))...#
.....#.# #.. #.###.......#
.>.†...#######..##...##.......#
.................#./.#####.##.#
.....#........
.........)..##.##
.....#########
#.v....>......†.# ..)..#
#@v.....######..# .....#
#S#...### #..# .....# #W# +##
######..## .....# #r# ~#
#......... ##.### ##.#
#...####[.## #.# ###..#
########[.# #.#
#....#~~~#.........# ##.#
#.#).#~[~########.## ...#
#....#~r~# #.#


You could see minhee2137's ghost (inner flame), an adder (inner flame, ally
target) and a river rat (inner flame).

Vanquished Creatures
  3 adders
  3 orcs (D:3)
  4 bats (D:1)
  6 endoplasms
  5 giant cockroaches
  5 goblins
  6 hobgoblins
  8 jackals
  3 ball pythons
  5 frilled lizards
  8 kobolds
  5 rats
61 creatures vanquished.

Vanquished Creatures (others)
  160 foxfires
160 creatures vanquished.

Grand Total: 221 creatures vanquished

Notes
Turn   | Place    | Note
-------+----------+-------------------------------------------
     0 | D:1      | unlimited1921 the Djinni Fire Elementalist began the quest
                  | for the Orb.
     0 | D:1      | unlimited1921 set off with the following spells memorised:
                  | Foxfire, Scorch, Volatile Blastmotes, Inner Flame, Flame
                  | Wave.
     0 | D:1      | Reached XP level 1. HP: 15/15 MP: 0/0
   405 | D:1      | Reached XP level 2. HP: 16/21 MP: 0/0
  1537 | D:1      | Reached XP level 3. HP: 23/25 MP: 0/0
  1537 | D:1      | Learned a level 1 spell: Beastly Appendage
  1541 | D:1      | Reached skill level 3 in Spellcasting
  2317 | D:2      | Reached XP level 4. HP: 23/31 MP: 0/0
  2716 | D:3      | Noticed a scorpion
  3311 | D:3      | Found a faded altar of an unknown god.
  3823 | D:3      | Found a runed translucent door.
  3835 | D:3      | Noticed minhee2137's ghost (amateur DrCj)
  3860 | D:3      | Found a runed translucent door.
  3861 | D:3      | Slain by an adder

Illustrated notes

Levels and vault maps discovered:
D:1:      sevenhm_arrival_forest_fort_large_4, layout_basic
D:2:      layout_loops_ring, dreamdust_wishing_well
D:3:      layout_loops_ring, ebering_ghost_sewer_f,
          chequers_ecumenical_altar_simple_redux

Skill      XL: |  1  2  3 |
---------------+----------+-----
Stealth        | 2 |  2.1
Spellcasting   | 3 |  3.7
Fighting       | |  0.6
Dodging        | |  2.5

Action                     |  1- 3 |  4- 6 || total
---------------------------+-------+-------++-------
  Melee: Unarmed           |     1 |       ||     1
         Spear             |       |     8 ||     8
   Cast: Foxfire           |    45 |    49 ||    94
         Scorch            |    26 |     3 ||    29
         Inner Flame       |       |     5 ||     5
         Volatile Blastmot |       |     1 ||     1
   Stab: Sleeping          |       |     1 ||     1
 Armour: Robe              |     1 |     5 ||     6
  Dodge: Dodged            |     3 |     9 ||    12
  Block: Buckler           |       |     4 ||     4
